 Dungeon Sprint DCSS version 0.30.1-11-g7821555f0a (webtiles) character file.

Game seed: 6666294515918796332

9500000 Groucho the Axe Maniac (level 27, -9/249 HPs)
             Began as a Formicid Fighter on Nov 25, 2023.
             Was the Champion of Makhleb.
             Killed by divine providence
             ... invoked by an accursed
              (17 damage)
             ... in the Dungeon (Sprint VIII: "Arena of Blood").
             The game lasted 00:07:38 (95 turns).

Groucho the Axe Maniac (Formicid Fighter)             Turns: 95, Time: 00:07:38

Health: -9/249     AC: 13    Str: 21    XL:     27
Magic:  35/54      EV: 31    Int: 12    God:    Makhleb [******]
Gold:   0          SH: 12    Dex: 23    Spells: 80/80 levels left

rFire   . . .        i - +∞ Axe of Woe
rCold   . . .        c - +0 buckler
rNeg    . . .        b - +0 scale mail
rPois   .            (helmet unavailable)
rElec   .            (no cloak)
rCorr   .            (no gloves)
SInv    +            (no boots)
Will    ++...        (no amulet)
Stlth   +            o - +200 ring of slaying
HPRegen 0.61/turn    k - +200 ring of slaying
MPRegen 0.34/turn

%: no passive effects
@: no status effects
A: permanent stasis, dig shafts and tunnels, antennae 3, four strong arms
a: Dig, Renounce Religion, Minor Destruction, Lesser Servant of Makhleb, Major
Destruction, Greater Servant of Makhleb


You were in the Dungeon.
You worshipped Makhleb.
Makhleb was exalted by your worship.
You visited 1 branch

Inventory:

Hand Weapons
 a - a +0 war axe
 i - the +∞ Axe of Woe (weapon)
   (You found it in the Dungeon)
Armour
 b - a +0 scale mail (worn)
 c - a +0 buckler (worn)
Jewellery
 j - a +30 ring of slaying
 k - a +200 ring of slaying (right hand)
 l - a +200 ring of slaying
 m - a +100 ring of slaying
 n - a +200 ring of slaying
 o - a +200 ring of slaying (left hand)
 p - a +100 ring of slaying
 q - a +250 ring of slaying
 r - a +250 ring of slaying
 s - a +200 ring of slaying
Scrolls
 h - a scroll of blinking
Potions
 d - a potion of might
 e - a potion of curing
 f - a potion of heal wounds
 g - 2 potions of magic


   Skills:
 O Level 27 Fighting
 O Level 27 Short Blades
 O Level 27 Long Blades
 O Level 27 Axes
 O Level 27 Maces & Flails
 O Level 27 Polearms
 O Level 27 Staves
 O Level 27 Ranged Weapons
 O Level 27 Throwing
 O Level 27 Armour
 O Level 27 Dodging
 O Level 27 Shields
 O Level 27 Unarmed Combat
 O Level 27 Spellcasting
 O Level 27 Conjurations
 O Level 27 Hexes
 O Level 27 Summonings
 O Level 27 Necromancy
 O Level 27 Translocations
 O Level 27 Transmutations
 O Level 27 Fire Magic
 O Level 27 Ice Magic
 O Level 27 Air Magic
 + Level 24.5 Earth Magic
 O Level 27 Invocations
 O Level 27 Evocations


You had 80 spell levels left.
You didn't know any spells.
Your spell library was empty.

Dungeon Overview and Level Annotations

Branches:
Dungeon (1/1)

Altars:
Makhleb


Innate Abilities, Weirdness & Mutations

You cannot be hasted, slowed, berserked, paralysed or teleported.
You can dig through walls and to a lower floor.
You have a pair of large antennae on your head. (SInv)
Your four strong arms can wield two-handed weapons with a shield.


Message History

r - a +250 ring of slaying The tyrant shouts!
You hear a shout! x9
The accursed casts a spell at you. Something smites you!
The tyrant waves its bony arms in wide circles.
The air twists around and strikes you!!
You hear a shout!
Unknown command.
Search for what [? for help]?
Okay, then.
Press: ? - help, v - describe, . - travel, g - get item
Items here: a +9 battleaxe; a +30 ring of slaying; a meat berserker corpse.
The floor, spattered with blood.
Unknown command.
An accursed comes into view.
You hear a roar!
You hear a shout! x6
The tyrant waves its bony arms in wide circles.
The air twists around and strikes you!
You hear a shout! x3
A meat berserker comes into view. It is wielding a +9 battleaxe.
An accursed comes into view.
You hear a shout! x2
Items here: ))) === †.
Unknown command.
Unknown command.
s - a +200 ring of slaying You hear a shout! x6
The wretched soul is engulfed in blazing flames.
The wretched soul breathes negative energy at you.
The bolt of negative energy misses you.
You hear a shout! x2
A meat berserker comes into view. It is wielding a +9 battleaxe.
You hear a shout! x2
The large bag of meat is engulfed in blazing flames.
The large bag of meat hits you with a +9 giant spiked club!!!
The large bag of meat hits you with a +9 giant spiked club!!!!
* * * LOW HITPOINT WARNING * * *
The accursed gestures at you while chanting.
Something smites you!
You die...

z#... ...#{ .{ #...
...#{ . {{###...
§..###...
..{....###).......
.......)_oM.....§.
. ...#.))§)#......
O.. #_Wz)_# .....
.M...#)§O☼)#......
#..L...)@_)))..M...
........###........
...###... ...###...
.. #.W.....# o ..
#.......# ....{{...
...O..L....
...........


You could see 3 accurseds, a tyrant, a sculptor of flesh, a large bag of meat
(inner flame), 2 meat berserkers, 2 wretched souls and a bag of meat.

Vanquished Creatures
  6 hell beasts (D)
  3 royal mummies (D)
  3 wraiths (D)
  7 vampire knights (D)
  25 ogres (D)
  8 two-headed ogres (D)
  2 liches (D)
  2 hydras (D)
  31 orcs (D)
  3 skeletal warriors (D)
90 creatures vanquished.

Notes
Turn   | Place    | Note
-------+----------+-------------------------------------------
     0 | D        | Found the +∞ Axe of Woe
     0 | D        | Groucho the Formicid Fighter began the quest for the Orb.
     0 | D        | Reached XP level 1. HP: 18/18 MP: 1/1
     1 | D        | Noticed a bag of meat
     2 | D        | Noticed a bag of meat
     2 | D        | Noticed a bag of meat
     4 | D        | Became a worshipper of Makhleb the Destroyer
     6 | D        | Killed a bag of meat
     6 | D        | Noticed a bag of meat
     7 | D        | Reached XP level 2. HP: 24/24 MP: 2/2
     7 | D        | Reached XP level 3. HP: 29/29 MP: 3/3
     7 | D        | Reached XP level 4. HP: 35/35 MP: 4/4
     7 | D        | Reached XP level 5. HP: 41/41 MP: 5/5
     7 | D        | Reached XP level 6. HP: 47/47 MP: 6/6
     7 | D        | Reached XP level 7. HP: 52/52 MP: 7/7
     7 | D        | Reached XP level 8. HP: 58/58 MP: 8/8
     7 | D        | Reached XP level 9. HP: 64/64 MP: 9/9
     7 | D        | Reached XP level 10. HP: 70/70 MP: 10/10
     7 | D        | Reached XP level 11. HP: 75/75 MP: 11/11
     8 | D        | Killed a bag of meat
     8 | D        | Reached * piety under Makhleb
     8 | D        | Killed a bag of meat
     8 | D        | Noticed a meat berserker
     9 | D        | Reached XP level 12. HP: 81/81 MP: 12/12
     9 | D        | Reached XP level 13. HP: 86/86 MP: 13/13
     9 | D        | Noticed a meat berserker
    10 | D        | Noticed a meat berserker
    11 | D        | Killed a meat berserker
    11 | D        | Killed a bag of meat
    11 | D        | Reached ** piety under Makhleb
    11 | D        | Noticed a bag of meat
    12 | D        | Reached XP level 14. HP: 93/93 MP: 14/14
    12 | D        | Noticed a meat berserker
    13 | D        | Noticed a bag of meat
    13 | D        | Killed a meat berserker
    14 | D        | Reached skill level 27 in Axes
    14 | D        | Reached XP level 15. HP: 98/98 MP: 15/15
    15 | D        | Killed a meat berserker
    16 | D        | Reached skill level 27 in Dodging
    17 | D        | Noticed a meat berserker
    18 | D        | Reached *** piety under Makhleb
    18 | D        | Noticed a large bag of meat
    19 | D        | Reached skill level 10 in Fighting
    19 | D        | Reached skill level 10 in Armour
    19 | D        | Reached skill level 15 in Shields
    20 | D        | Noticed a destroyer
    21 | D        | Killed a meat berserker
    21 | D        | Noticed a meat berserker
    22 | D        | Reached XP level 16. HP: 134/134 MP: 16/16
    22 | D        | Killed a meat berserker
    23 | D        | Killed a destroyer
    23 | D        | Reached **** piety under Makhleb
    24 | D        | Reached XP level 17. HP: 157/157 MP: 17/17
    24 | D        | Noticed a meat berserker
    25 | D        | Killed a large bag of meat
    25 | D        | Noticed a meat berserker
    26 | D        | Reached skill level 27 in Shields
    26 | D        | Noticed a meat berserker
    26 | D        | Noticed a destroyer
    27 | D        | Noticed a large bag of meat
    28 | D        | Reached XP level 18. HP: 157/175 MP: 18/18
    28 | D        | Noticed a large bag of meat
    29 | D        | Noticed an eight-headed meat hydra
    29 | D        | Killed a meat berserker
    29 | D        | Reached ***** piety under Makhleb
    30 | D        | Killed a meat berserker
    30 | D        | Killed a meat berserker
    31 | D        | Reached skill level 27 in Fighting
    31 | D        | Reached skill level 27 in Armour
    31 | D        | Reached XP level 19. HP: 189/189 MP: 18/35
    32 | D        | Killed a destroyer
    32 | D        | Killed a large bag of meat
    33 | D        | Reached skill level 27 in Invocations
    33 | D        | Reached XP level 20. HP: 150/197 MP: 18/47
    33 | D        | Reached ****** piety under Makhleb
    34 | D        | Killed a meat berserker
    35 | D        | Reached skill level 27 in Spellcasting
    35 | D        | Reached skill level 1 in Short Blades
    35 | D        | Reached skill level 1 in Long Blades
    35 | D        | Reached skill level 1 in Maces & Flails
    35 | D        | Reached skill level 1 in Polearms
    35 | D        | Reached skill level 1 in Staves
    35 | D        | Reached skill level 1 in Unarmed Combat
    36 | D        | Killed a large bag of meat
    37 | D        | Killed a nine-headed meat hydra
    38 | D        | Reached skill level 5 in Short Blades
    38 | D        | Reached skill level 5 in Long Blades
    38 | D        | Reached skill level 5 in Maces & Flails
    38 | D        | Reached skill level 5 in Polearms
    38 | D        | Reached skill level 5 in Staves
    38 | D        | Reached skill level 5 in Unarmed Combat
    39 | D        | Noticed a large bag of meat
    39 | D        | Noticed a large bag of meat
    39 | D        | Noticed a large bag of meat
    39 | D        | Noticed a meat berserker
    41 | D        | Noticed a destroyer
    43 | D        | Noticed a destroyer
    44 | D        | Killed a large bag of meat
    44 | D        | Killed a destroyer
    44 | D        | Killed a large bag of meat
    44 | D        | Noticed a destroyer
    45 | D        | Reached XP level 21. HP: 124/204 MP: 21/52
    45 | D        | Killed a meat berserker
    45 | D        | Killed a large bag of meat
    46 | D        | Noticed a destroyer
    47 | D        | Reached skill level 15 in Short Blades
    47 | D        | Reached skill level 15 in Long Blades
    47 | D        | Reached skill level 15 in Maces & Flails
    47 | D        | Reached skill level 15 in Polearms
    47 | D        | Reached skill level 15 in Staves
    47 | D        | Reached skill level 15 in Unarmed Combat
    48 | D        | Killed a destroyer
    48 | D        | Killed a destroyer
    48 | D        | Noticed a meat berserker
    49 | D        | Reached XP level 22. HP: 197/212 MP: 22/53
    49 | D        | Killed a destroyer
    51 | D        | Noticed an accursed
    51 | D        | Noticed a meat berserker
    52 | D        | Noticed a large bag of meat
    54 | D        | Noticed a meat berserker
    54 | D        | Noticed an accursed
    56 | D        | Killed a meat berserker
    57 | D        | Reached XP level 23. HP: 179/219 MP: 24/54
    58 | D        | Killed an accursed
    59 | D        | Noticed a meat beast
    62 | D        | Killed a meat beast
    63 | D        | Reached XP level 24. HP: 227/227 MP: 26/54
    63 | D        | Noticed an accursed
    63 | D        | Noticed a large bag of meat
    64 | D        | Noticed a large bag of meat
    65 | D        | Reached skill level 27 in Short Blades
    65 | D        | Reached skill level 27 in Long Blades
    65 | D        | Reached skill level 27 in Maces & Flails
    65 | D        | Reached skill level 27 in Polearms
    65 | D        | Reached skill level 27 in Staves
    65 | D        | Reached skill level 27 in Unarmed Combat
    65 | D        | Noticed an accursed
    65 | D        | Noticed a meat beast
    67 | D        | Killed a large bag of meat
    68 | D        | Reached XP level 25. HP: 171/234 MP: 27/54
    68 | D        | Killed an accursed
    68 | D        | Noticed a tyrant
    69 | D        | Killed a meat beast
    69 | D        | Noticed a tyrant
    70 | D        | Reached skill level 27 in Ranged Weapons
    70 | D        | Reached XP level 26. HP: 202/242 MP: 28/54
    71 | D        | Noticed a dread
    72 | D        | Noticed a dread
    72 | D        | Noticed a meat beast
    72 | D        | Noticed a dread
    73 | D        | Reached skill level 27 in Throwing
    73 | D        | Reached skill level 27 in Evocations
    77 | D        | Killed a meat beast
    77 | D        | Killed a dread
    77 | D        | Killed a dread
    77 | D        | Noticed a meat beast
    78 | D        | Reached skill level 27 in Conjurations
    78 | D        | Reached skill level 27 in Hexes
    78 | D        | Reached skill level 27 in Summonings
    78 | D        | Reached XP level 27. HP: 187/249 MP: 30/54
    78 | D        | Noticed a destroyer
    79 | D        | Killed a tyrant
    79 | D        | Noticed a meat beast
    82 | D        | Killed a meat beast
    82 | D        | Noticed a meat beast
    83 | D        | Reached skill level 27 in Necromancy
    83 | D        | Killed a meat beast
    83 | D        | Killed a destroyer
    84 | D        | Reached skill level 27 in Translocations
    84 | D        | Reached skill level 27 in Transmutations
    84 | D        | Killed a large bag of meat
    84 | D        | Killed a dread
    85 | D        | Killed a meat beast
    86 | D        | Reached skill level 27 in Fire Magic
    86 | D        | Reached skill level 27 in Ice Magic
    87 | D        | Killed a tyrant
    89 | D        | Killed an accursed
    91 | D        | Reached skill level 27 in Air Magic
    92 | D        | Noticed a tyrant
    92 | D        | Noticed a tyrant
    94 | D        | Noticed an accursed
    94 | D        | Noticed an accursed
    95 | D        | HP: 8/249 [large bag of meat/+9 giant spiked club (92)]
    95 | D        | Killed from afar by an accursed

Illustrated notes

Levels and vault maps discovered:
D:        meatsprint

Skill      XL: |  1  2  3  4  5  6  7  8  9 10 11 12 13 14 15 16 17 18 19 20 21 22 23 24 25 26 27 |
---------------+----------------------------------------------------------------------------------+-----
Axes           | 18 22 26 27 | 27.0
Dodging        | 16 20 24 26 27 | 27.0
Fighting       | 14 20 24 27 | 27.0
Armour         | 14 20 24 27 | 27.0
Shields        | 18 25 27 | 27.0
Invocations    | 25 27 | 27.0
Spellcasting   | 23 27 | 27.0
Short Blades   | 12 18 20 26 27 | 27.0
Long Blades    | 12 18 20 26 27 | 27.0
Maces & Flails | 12 18 20 26 27 | 27.0
Polearms       | 12 18 20 26 27 | 27.0
Staves         | 12 18 20 26 27 | 27.0
Unarmed Combat | 12 18 20 26 27 | 27.0
Ranged Weapons | 16 27 | 27.0
Throwing       | 19 27 | 27.0
Evocations     | 21 27 | 27.0
Conjurations   | 27 | 27.0
Hexes          | 27 | 27.0
Summonings     | 27 | 27.0
Necromancy     | 9 27 | 27.0
Translocations | 27 | 27.0
Transmutations | 27 | 27.0
Fire Magic     | 27 | 27.0
Ice Magic      | 27 | 27.0
Air Magic      | 27 | 27.0
Earth Magic    | 24 | 24.5

Action                     |  1- 3 |  4- 6 |  7- 9 | 10-12 | 13-15 | 16-18 | 19-21 | 22-24 | 25-27 || total
---------------------------+-------+-------+-------+-------+-------+-------+-------+-------+-------++-------
  Melee: Executioner's axe |     1 |       |       |     1 |     5 |     6 |    12 |    10 |    19 ||    54
  Dodge: Dodged            |       |       |       |       |       |     1 |     1 |     1 |     3 ||     6
  Block: Buckler           |       |       |       |       |       |       |       |       |     1 ||     1
